 Dungeon Crawl Stone Soup version 0.21.0-24-g2553a33 (webtiles) character file.

448 Larett the Poker (level 7, -3/46 HPs)
             Began as a Formicid Air Elementalist on Jan 20, 2018.
             Was a Follower of Yredelemnul.
             Slain by SFR's ghost (4 damage)
             ... on level 4 of the Dungeon.
             The game lasted 00:18:26 (5527 turns).

Larett the Poker (Formicid Air Elementalist)        Turns: 5527, Time: 00:18:27

Health: -3/46      AC:  4    Str: 12    XL:     7   Next: 24%
Magic:  6/10       EV: 11    Int: 16    God:    Yredelemnul [*.....]
Gold:   217        SH:  4    Dex: 12    Spells: 4/10 levels left

rFire    . . .     SeeInvis +   a - +2 spear (venom)
rCold    . . .     Gourm    .   (no shield)
rNeg     . . .     Faith    .   g - +0 robe
rPois    +         Spirit   .   (helmet unavailable)
rElec    .         Reflect  +   L - +0 cloak
rCorr    .         Harm     .   F - +0 pair of gloves
MR       .....                  (no boots)
Stlth    +.........             r - +4 amulet of reflection
HPRegen  0.15/turn              o - ring of poison resistance
MPRegen  0.12/turn              (no ring)

@: very heavily drained
A: permanent stasis, dig shafts and tunnels, four strong arms, antennae 3
a: Dig, Shaft Self, Animate Remains, Renounce Religion


You were on level 4 of the Dungeon.
You worshipped Yredelemnul.
Yredelemnul was aware of your devotion.
You were very hungry.

You visited 1 branch of the dungeon, and saw 4 of its levels.

You collected 217 gold pieces.

Inventory:

Hand Weapons
 a - a +2 spear of venom (weapon)
 e - a +0 club
 q - a cursed -2 blowgun
 s - a +1 dagger of venom
 G - a cursed -3 spear
 J - a +4 hand axe
 K - a +2 quarterstaff of chaos
Missiles
 f - 111 stones (quivered)
 k - 21 bolts
 l - 100 arrows
 A - 16 poisoned needles
Armour
 g - a +0 robe (worn)
 p - a +0 chain mail
 F - a +0 pair of gloves (worn)
 L - a +0 cloak (worn)
Jewellery
 o - a ring of poison resistance (left hand)
 r - a +4 amulet of reflection (around neck)
 v - an uncursed ring of resist corrosion {unknown}
Wands
 M - a wand of disintegration (16)
Scrolls
 n - 2 scrolls of remove curse {unknown}
 t - a scroll of enchant weapon {unknown}
 w - 2 scrolls of fear
 x - a scroll of immolation {unknown}
 y - 2 scrolls of fog {unknown}
 B - 2 scrolls of blinking
 P - a scroll of random uselessness {unknown}
 R - a scroll of identify
Potions
 h - a potion of resistance {unknown}
 i - 2 potions of degeneration {unknown}
 j - a potion of haste {unknown}
 m - 2 potions of agility {unknown}
 H - 2 potions of flight {unknown}
 N - a potion of heal wounds {unknown}
 Q - 5 potions of curing
Books
 b - a book of Air

   Spells                             Type                      Level
   a - Shock                          Conjuration/Air              1
   b - Swiftness                      Charms/Air                   2
   c - Static Discharge               Conjuration/Air              3
   d - Airstrike                      Air                          4
   e - Lightning Bolt                 Conjuration/Air              5
 C - a book of Misfortune

   Spells                             Type                      Level
   a - Confusing Touch                Hexes                        1
   b - Confuse                        Hexes                        3
   c - Gell's Gravitas                Translocation                3
   d - Petrify                        Transmutation/Earth          4
   e - Metabolic Englaciation         Hexes/Ice                    5
   f - Yara's Violent Unravelling     Hexes/Transmutation          5
Comestibles
 c - 12 rations


   Skills:
 - Level 4.0(0.7) Short Blades
 + Level 4.9(1.6) Polearms
 - Level 2.6(0.0) Dodging
 - Level 2.4(0.0) Stealth
 - Level 2.1(0.0) Spellcasting
 - Level 0.8(0.0) Conjurations
 - Level 2.4(0.0) Air Magic


You had 4 spell levels left.
You knew the following spells:

 Your Spells              Type           Power        Failure   Level  Hunger
a - Shock                 Conj/Air       #...         26%         1    ##.....
b - Swiftness             Chrm/Air       #.......     36%         2    ###....
c - Gell's Gravitas       Tloc           #.........   58%         3    ####...


Dungeon Overview and Level Annotations

Branches:
Dungeon (4/15)
 Temple: D:4-7

Altars:
Elyvilon
Gozag
Makhleb
Yredelemnul

Annotations:
D:4 SFR's ghost, amateur DgWn


Innate Abilities, Weirdness & Mutations

You cannot be hasted, slowed, berserked, paralysed or teleported.
You can dig through walls and to a lower floor.
Your four strong arms can wield two-handed weapons with a shield.
You have a pair of large antennae on your head. (SInv)


Message History

* * * LOW HITPOINT WARNING * * *
You feel drained.
* * * LOW HITPOINT WARNING * * *
SFR's ghost points at you and mumbles some strange words.
You resist with some effort.
Your magical contamination has completely faded away.
Casting: Shock
Confirm with . or Enter, or press ? or * to list all spells.
Aiming: Shock
Press: ? - help, Shift-Dir - straight line, f/p - SFR's ghost
Aim: SFR's ghost, wielding a weapon of draining (almost destroyed)
The zap hits SFR's ghost.
SFR's ghost is almost destroyed.
SFR's ghost gestures at you while chanting.
You fall asleep.
SFR's ghost hits you!
You wake up.
* * * LOW HITPOINT WARNING * * *
You feel drained.
You die...
Your body rises from the dead as a mindless zombie.

.....#### #........# #.......
.....# #........# #.......
.....# #.......## #.......
.....###########.######
#######. ####......#......# #.
####...#......# #.
#.#.#......# #.
#...######W########### #.
##....#####@#.........# #.
#..♣♣.......#.#######.######
#..P...######.#.....#.##....
#...............###.........
#.#.....####....#####.#.....
#..>....'.............#.....
###.....####.........##.....
#.....# #.##.......#.....
#####.....####....##.#..#.....


You could see SFR's ghost.

Vanquished Creatures
  A scorpion (D:4)
  A bullfrog skeleton (D:4)
  Crazy Yiuf (D:3)
  Jessica (D:3)
  4 worker ants
  Robin (D:3)
  4 adders
  An ooze (D:4)
  6 worms
  A dart slug (D:2)
  3 leopard geckos
  6 orcs
  3 bats
  3 giant cockroaches
  13 goblins
  8 hobgoblins
  6 kobolds
  2 quokkas (D:2)
  6 frilled lizards
  A quokka skeleton (D:4)
  6 rats
78 creatures vanquished.

Vanquished Creatures (collateral kills)
  A phantom (D:4)
  An adder skeleton (D:4)
  A worm (D:4)
3 creatures vanquished.

Vanquished Creatures (others)
  A scorpion zombie (D:4)
  A worm zombie (D:4)
  A quokka (D:2)
  2 kobolds (D:2)
  An orc zombie (D:4)
6 creatures vanquished.

Grand Total: 87 creatures vanquished

Notes
Turn   | Place    | Note
-------+----------+-------------------------------------------
     0 | D:1      | Larett the Formicid Air Elementalist began the quest for the Orb.
     0 | D:1      | Reached XP level 1. HP: 13/13 MP: 3/3
   282 | D:1      | Reached XP level 2. HP: 19/19 MP: 5/5
   453 | D:1      | Learned a level 2 spell: Swiftness
   864 | D:2      | Found a basalt altar of Yredelemnul.
   902 | D:2      | Became a worshipper of Yredelemnul the Dark
  1100 | D:2      | Reached skill level 1 in Short Blades
  1243 | D:2      | Reached XP level 3. HP: 24/24 MP: 4/6
  1622 | D:2      | Reached XP level 4. HP: 16/30 MP: 7/7
  2322 | D:2      | Reached skill level 3 in Short Blades
  2657 | D:2      | Found a white marble altar of Elyvilon.
  2911 | D:3      | Reached XP level 5. HP: 33/35 MP: 4/8
  3023 | D:3      | Noticed Robin
  3025 | D:3      | Reached * piety under Yredelemnul
  3050 | D:3      | Killed Robin
  3281 | D:3      | Noticed Jessica
  3292 | D:3      | Killed Jessica
  3292 | D:3      | Reached skill level 1 in Polearms
  3304 | D:3      | Learned a level 3 spell: Gell's Gravitas
  3947 | D:3      | Found a burning altar of Makhleb.
  4025 | D:3      | Found a runed door.
  4046 | D:3      | Noticed Crazy Yiuf
  4051 | D:3      | Killed Crazy Yiuf
  4051 | D:3      | Reached XP level 6. HP: 41/41 MP: 4/9
  4346 | D:4      | Reached skill level 3 in Polearms
  4377 | D:4      | Noticed SFR's ghost (amateur DgWn)
  5156 | D:4      | Found an opulent altar of Gozag.
  5156 | D:4      | Noticed a phantom
  5188 | D:4      | Killed a phantom
  5188 | D:4      | Reached XP level 7. HP: 41/46 MP: 10/10
  5515 | D:4      | HP: 6/46 [SFR's ghost (2)]
  5527 | D:4      | HP: 1/46 [SFR's ghost (10)]
  5527 | D:4      | Slain by SFR's ghost

Skill      XL: |  1  2  3  4  5  6 |
---------------+-------------------+-----
Dodging        | 2 |  2.6
Short Blades   | 1 2 3 4 |  4.0
Polearms       | 2 4 |  4.9
Stealth        | |  2.4
Spellcasting   | |  2.1
Conjurations   | |  0.8
Air Magic      | |  2.4

Action                   |  1- 3 |  4- 6 |  7- 9 || total
-------------------------+-------+-------+-------++-------
Melee: Dagger            |    39 |    29 |       ||    68
       Spear             |       |    83 |     7 ||    90
       Quarterstaff      |       |     9 |       ||     9
 Cast: Shock             |    30 |    51 |     7 ||    88
       Swiftness         |       |     2 |       ||     2
Invok: Animate Remains   |       |     3 |     1 ||     4
  Use: Scroll            |       |     2 |       ||     2
       Potion            |       |       |     1 ||     1
 Stab: Sleeping          |     1 |     4 |     1 ||     6
  Eat: Chunk             |     3 |    10 |       ||    13
       Ration            |       |     1 |       ||     1
Armor: Robe              |     9 |     6 |     1 ||    16
Dodge: Dodged            |    27 |    60 |     4 ||    91
Block: Other             |     2 |    28 |     1 ||    31
       Reflection        |       |     2 |       ||     2
